 Dungeon Crawl Stone Soup version 0.26-a0-859-gf57989e088 (webtiles) character file.

Game seed: 17863531372013415254

189126 Ijustatesigmund the Octopoid Aeon (level 18, -6/133 HPs)
             Began as an Octopode Fighter on Nov 25, 2020.
             Was the Champion of Cheibriados.
             Killed from afar by a shock serpent (25 damage)
             ... with a bolt of electricity
             ... on level 1 of the Snake Pit.
             The game lasted 01:47:50 (29864 turns).

Ijustatesigmund the Octopoid Aeon (OpFi)           Turns: 29864, Time: 01:47:51

Health: -6/133     AC:  7    Str: 40    XL:     18   Next: 12%
Magic:  29/29      EV: 28    Int: 30    God:    Cheibriados [******]
Gold:   2509       SH: 25    Dex: 34    Spells: 11/17 levels left

rFire    + . .     SeeInvis +   b - +14 obsidian axe {vorpal, +Fly SInv *Curse}
rCold    x . .     Faith    .   H - +2 tower shield
rNeg     . . .     Spirit   .   E - +4 hat of Dithmenos's Envy {Dex+2}
rPois    +         Reflect  .   c - amulet of regeneration
rElec    .         Harm     .   o - +4 ring of slaying
rCorr    .         Rampage  .   s - +4 ring of evasion
MR       ++...                  w - +6 ring of strength
Stlth    ++++++....             y - ring of see invisible
HPRegen  0.72/turn              L - ring of wizardry
MPRegen  0.21/turn              x - ring "Amazorph" {Fire rPois MR+ Str+2 Dex+2}
                                (no ring)
                                (no ring)

@: lethally poisoned (-6 -> -6), mesmerised, studying Throwing, very slow
A: almost no armour, stealthy swim, amphibious, 8 rings, constrict 8, tentacle
spike 1, yellow scales 1, camouflage 1, agile 1, gelatinous body 1
}: 1/15 runes: barnacled
a: Bend Time, Temporal Distortion, Slouch, Step From Time, Renounce Religion,
Evoke Flight


You were on level 1 of the Snake Pit.
You worshipped Cheibriados.
Cheibriados was exalted by your worship.
You visited 6 branches of the dungeon, and saw 29 of its levels.
You visited 1 bazaar.
You also visited: Bailey and Ice Cave.

You collected 5146 gold pieces.
You spent 2637 gold pieces at shops.

Inventory:

Hand Weapons
 a - a +1 war axe
 b - the +14 obsidian axe (weapon) {vorpal, +Fly SInv *Curse}
   (You took it off a merfolk on level 4 of the Shoals)

   It inflicts extra damage upon your enemies.
   It lets you see invisible.
   It lets you fly.
   It curses itself when equipped.
 j - the +10 whip "Kugoboh" {vorpal, SInv Stlth+}
   (You found it on level 1 of the Lair of Beasts)

   It inflicts extra damage upon your enemies.
   It lets you see invisible.
   It makes you more stealthy.
 m - the +5 hand axe "Siov" {vorpal, rC+}
   (You found it on level 6 of the Dungeon)

   It inflicts extra damage upon your enemies.
   It protects you from cold.
 Q - the +2 hand axe of the Scorching Stork {vamp, rF+ MR+ Str-2}
   (You took it off a centaur on level 15 of the Dungeon)

   It inflicts no extra harm, but heals its wielder when it wounds a living foe.
   It affects your strength (-2).
   It protects you from fire.
   It affects your resistance to hostile enchantments.
Missiles
 k - 13 throwing nets
 C - 46 silver javelins (quivered)
 M - 8 curare-tipped darts
Armour
 E - the +4 hat of Dithmenos's Envy (worn) {Dex+2}
   (You acquired it on level 1 of the Shoals)

   It affects your dexterity (+2).
 H - a +2 tower shield (worn)
Jewellery
 c - an amulet of regeneration (around mantle)
 o - a +4 ring of slaying (left tentacle)
 s - a +4 ring of evasion (right tentacle)
 w - a +6 ring of strength (on tentacle)
 x - the ring "Amazorph" (on tentacle) {Fire rPois MR+ Str+2 Dex+2}
   (You found it on level 3 of the Lair of Beasts)

   [ring of fire]

   It enhances your fire magic.
   It affects your strength (+2).
   It affects your dexterity (+2).
   It protects you from fire.
   It makes you vulnerable to cold.
   It protects you from poison.
   It affects your resistance to hostile enchantments.
 y - a ring of see invisible (on tentacle)
 L - a ring of wizardry (on tentacle)
Wands
 u - a wand of paralysis (5)
 A - a wand of flame (53)
 B - a wand of iceblast (13)
 J - a wand of digging (9)
 R - a wand of polymorph (15)
Scrolls
 g - a scroll of teleportation
 i - 14 scrolls of remove curse
 n - a scroll of fog
 p - 5 scrolls of amnesia
 q - a scroll of fear
 r - 4 scrolls of immolation
 v - 16 scrolls of identify
 F - a scroll of summoning
 O - a scroll of enchant weapon
 P - a scroll of magic mapping
Potions
 d - 5 potions of flight
 e - 9 potions of mutation
 f - 5 potions of curing
 l - 5 potions of brilliance
 z - 2 potions of cancellation
 G - a potion of lignification
 K - a potion of ambrosia
 N - 2 potions of might
Books
 t - a manual of Throwing
Miscellaneous
 h - a condenser vane
 D - a lightning rod (4/4)


   Skills:
 + Level 14.9 Fighting
 + Level 15.0 Axes
 - Level 6.3 Throwing
 - Level 11.0 Dodging
 - Level 7.8 Stealth
 + Level 9.7 Shields
 - Level 5.5 Translocations
 - Level 8.7 Ice Magic
 + Level 15.5 Invocations
 - Level 5.5 Evocations


You had 11 spell levels left.
You knew the following spells:

 Your Spells              Type           Power        Failure   Level
a - Magic Dart            Conj           #...         26%         1
b - Blink                 Tloc           N/A          4%          2
c - Ozocubu's Armour      Ice            ######..     2%          3

Your spell library contained the following spells:

 Spells                   Type           Power        Failure   Level
 Freeze                   Ice            ####         1%          1
 Frozen Ramparts          Ice            ######       2%          3
 Gell's Gravitas          Tloc           ####......   9%          3
 Lesser Beckoning         Tloc           ####......   9%          3
 Teleport Other           Tloc           ####....     9%          3
 Shock                    Conj/Air       #...         26%         1
 Passage of Golubria      Tloc           N/A          28%         4
 Call Imp                 Summ           #.......     38%         2
 Slow                     Hex            #.......     38%         2
 Swiftness                Air            #.......     38%         2
 Hailstorm                Conj/Ice       ####....     41%         4
 Summon Ice Beast         Ice/Summ       ####....     41%         4
 Conjure Flame            Conj/Fire      #.......     61%         3
 Mephitic Cloud           Conj/Pois/Air  #.......     61%         3
 Static Discharge         Conj/Air       #.......     61%         3
 Airstrike                Air            #.........   93%         4
 Irradiate                Conj/Tmut      #.........   99%         5
 Lightning Bolt           Conj/Air       #.........   99%         5
 Hydra Form               Tmut           #.........   100%        6
 Statue Form              Tmut/Erth      #........    100%        6
 Dragon Form              Tmut           #.........   100%        7


Dungeon Overview and Level Annotations

Branches:
Dungeon (15/15)            Temple (1/1) D:6            Lair (6/6) D:8
 Shoals (4/4) Lair:2        Snake (1/4) Lair:3        Slime (0/5) Lair:6
    Orc (2/2) D:11         Vaults (0/5) D:13         Depths (0/5) D:15
 Bailey (visited)           IceCv (visited)
    Elf: Orc:2

Altars:
Ashenzari
Cheibriados
Dithmenos
Elyvilon
Fedhas
Gozag
Hepliaklqana
Kikubaaqudgha
Makhleb
Nemelex Xobeh
Okawaru
Qazlal
Ru
Sif Muna
Trog
Uskayaw
Vehumet
Wu Jian
Xom
Yredelemnul
Zin
The Shining One
Beogh
Lugonu

Shops:
D:5 [   D:7 *   D:8 *   D:12 }   D:13 (   Shoals:4 *

Annotations:
Lair:4 exclusion: 2 oklob plants
Shoals:2 exclusion: 2 oklob plants, Polyphemus
Orc:2 Saint Roka


Innate Abilities, Weirdness & Mutations

You cannot wear most types of armour.
You are very stealthy in the water. (Stealth+)
You are amphibious.
You can wear up to eight rings at the same time.
You can use your tentacles to constrict eight enemies at once.
Your skin changes colour to match your surroundings (Stealth+).
Your rubbery body absorbs attacks. (AC +1, EV +1)
One of your tentacles bears a spike.
You are partially covered in yellow scales. (AC +2)
You are agile. (Dex +2)


Message History

You hear a shout!
You chop the salamander into pieces!!!
You kill the salamander!
Cheibriados thoroughly appreciates the change of pace.
You slice the naga warrior!!
You kill the naga warrior!
Cheibriados thoroughly appreciates the change of pace.
You slash the shock serpent! You slash the naga sharpshooter!
You slash the guardian serpent!
The shock serpent's electric aura discharges, shocking you!
* * * LOW HITPOINT WARNING * * *
Visions of slaying the guardian serpent flood into your mind.
You feel sick.
The shock serpent shoots out a bolt of lightning at you!
The bolt of electricity hits your neqoxec!!
Your neqoxec dies!
Your crimson imp disappears in a puff of smoke!
The bolt of electricity hits the shock serpent.
The shock serpent completely resists.
The bolt of electricity hits you!!
You die...

....#....###...........
....##....# ...........
....###...## ..........
......#....##.....
..... ........##....#
.... ........##...##
... ..............#
.....4))).#.#.....
...[..)@3...#.....
......SNS.........
.......§..###>....
.........S# .....
§.......... ..
§≈.......#..
........###.. ≈§......#
...


You could see a naga sharpshooter, 2 shock serpents, a guardian serpent
(mesmerising), a friendly soul eater (summoned) and a friendly ice devil
(summoned).

Vanquished Creatures
  Nikola (Shoals:3)
  Roxanne (Shoals:3)
  Ilsuiw (Shoals:3)
  The ghost of Scypier the Fencer, a journeyman DsGl of Okawaru (Lair:3)
  A frost giant (Shoals:4)
  Snorg (Lair:3)
  An ettin (Orc:1)
  4 merfolk javelineers
  4 fire dragons
  8 merfolk impalers
  A catoblepas (D:13)
  A naga warrior (Snake:1)
  12 hydras
  3 boulder beetles
  3 centaur warriors
  4 merfolk avatars
  A vault guard (D:13)
  18 death yaks
  7 two-headed ogres
  4 merfolk aquamancers (Shoals:4)
  A naga sharpshooter (Snake:1)
  3 unseen horrors
  16 sea snakes
  2 wizards
  A naga ritualist (Snake:1)
  12 harpies
  4 deep elf magi
  3 orc knights
  A mana viper (Snake:1)
  2 salamanders (Snake:1)
  19 ugly things
  12 elephants (Lair:6)
  7 cyclopes
  A wolf spider (D:15)
  12 fauns
  12 manticores
  13 black mambas
  11 merfolk sirens
  A naga mage (Snake:1)
  11 water nymphs
  Maggie (D:7)
  2 ice statues (IceCv)
  A torpor snail (Lair:4)
  23 cane toads
  3 efreet
  9 rime drakes
  A redback zombie (D:15)
  6 komodo dragons
  2 tengu conjurers (D:15)
  29 merfolk
  5 trolls
  5 tyrant leeches (Lair:6)
  A queen bee (shapeshifter) (D:13)
  8 polar bears
  2 hornets
  7 wind drakes
  Prince Ribbit (D:7)
  21 blink frogs
  12 slime creatures
  22 dream sheep
  10 snapping turtles
  5 wyverns
  55 yaks
  A wraith (D:11)
  9 water elementals
  7 basilisks
  A death yak simulacrum (Lair:3)
  9 vampire mosquitoes
  A steam dragon (D:10)
  7 nagas
  A harpy simulacrum (D:15)
  5 wargs
  An acid dragon (D:15)
  A hydra simulacrum (Lair:3)
  A floating eye (Shoals:2)
  18 water moccasins
  An eye of draining (D:14)
  A swamp drake (Orc:1)
  23 orc warriors
  9 ice beasts
  4 black bears
  A phantom (D:4)
  7 ogres
  18 wolves
  11 centaurs
  3 big kobolds
  31 bullfrogs
  A wyvern zombie (D:10)
  2 scorpions
  8 killer bees
  3 wights (D:12)
  3 electric eels
  A howler monkey (D:10)
  A rime drake simulacrum (Lair:3)
  A crimson imp (Orc:1)
  A torpor snail simulacrum (Lair:3)
  2 bullfrog zombies
  2 centaur zombies
  A komodo dragon simulacrum (Lair:3)
  8 centaur skeletons
  6 hounds
  6 jellies
  A bullfrog skeleton (D:4)
  An iron imp (Orc:1)
  14 orc priests
  17 orc wizards
  3 iguanas
  4 hell rats (Lair:6)
  8 worker ants
  A yak simulacrum (Lair:3)
  3 hound zombies
  3 worker ant zombies
  13 adders
  7 gnolls
  A howler monkey skeleton (D:9)
  2 shadow imps
  7 white imps
  3 oozes (Lair:6)
  4 adder zombies
  A worm (D:3)
  An adder skeleton (D:8)
  2 dart slugs
  8 leopard geckos
  81 orcs
  A ball python (D:1)
  10 bats
  6 giant cockroaches
  6 goblins
  7 hobgoblins
  19 jackals
  18 kobolds
  4 quokkas
  4 frilled lizards
  A quokka skeleton (D:8)
  11 rats
  A butterfly (Lair:1)
942 creatures vanquished.

Vanquished Creatures (collateral kills)
  A satyr (Shoals:4)
  A blink frog (Lair:1)
  A water elemental (Shoals:4)
  A naga (Snake:1)
  A water moccasin (Lair:1)
5 creatures vanquished.

Vanquished Creatures (others)
  A catoblepas (Shoals:2)
  A death yak (Lair:6)
  An ugly thing (IceCv)
  3 yaks
  A water moccasin (Lair:6)
  An orc warrior (Bailey)
  A hell rat (Lair:6)
  A hound skeleton (D:9)
  An orc (Bailey)
  62 fungi
  180 plants
253 creatures vanquished.

Grand Total: 1200 creatures vanquished

Notes
Turn   | Place    | Note
-------+----------+-------------------------------------------
     0 | D:1      | Ijustatesigmund the Octopode Fighter began the quest for
                  | the Orb.
     0 | D:1      | Reached XP level 1. HP: 16/16 MP: 1/1
   155 | D:1      | Reached XP level 2. HP: 21/21 MP: 2/2
   574 | D:1      | Gained mutation: You are partially covered in yellow
                  | scales. (AC +2) [potion of mutation]
   574 | D:1      | Gained mutation: You are agile. (Dex +2) [potion of
                  | mutation]
   574 | D:1      | Gained mutation: One of your tentacles bears a spike.
                  | [potion of mutation]
   607 | D:1      | Reached XP level 3. HP: 26/26 MP: 3/3
  1112 | D:2      | Reached XP level 4. HP: 25/32 MP: 4/4
  1913 | D:3      | Found a faded altar of an unknown god.
  2105 | D:3      | You fall into a shaft and drop 3 floors!
  2122 | D:6      | Noticed a bullfrog
  2130 | D:6      | Killed a bullfrog
  2131 | D:6      | Reached skill level 1 in Stealth
  2131 | D:6      | Reached XP level 5. HP: 36/37 MP: 5/5
  2145 | D:5      | Entered Level 5 of the Dungeon
  2306 | D:5      | Found a stormy altar of Qazlal.
  2352 | D:5      | Reached XP level 6. HP: 35/43 MP: 6/6
  2376 | D:5      | Found a bloodstained altar of Trog.
  2822 | D:3      | Found a shadowy altar of Dithmenos.
  3568 | D:4      | Noticed a phantom
  3586 | D:4      | Killed a phantom
  3587 | D:4      | Reached skill level 5 in Axes
  3587 | D:4      | Reached XP level 7. HP: 36/49 MP: 7/7
  3904 | D:4      | Found a basalt altar of Yredelemnul.
  3906 | D:4      | Found a radiant altar of Vehumet.
  4139 | D:5      | Reached skill level 5 in Fighting
  4180 | D:5      | Found Wuokhlabopn's Armour Shop.
  5138 | D:6      | Got an encrusted hand axe
  5139 | D:6      | Identified the +5 hand axe "Siov" {vorpal, rC+} (You found
                  | it on level 6 of the Dungeon)
  5331 | D:6      | Reached XP level 8. HP: 50/55 MP: 8/8
  5332 | D:6      | Found a sparkling altar of Nemelex Xobeh.
  5332 | D:6      | Found an ornate altar of the Wu Jian Council.
  5621 | D:6      | Found a blossoming altar of Fedhas.
  5621 | D:6      | Found a hazy altar of Hepliaklqana.
  5621 | D:6      | Found a sacrificial altar of Ru.
  5622 | D:6      | Found an opulent altar of Gozag.
  5623 | D:6      | Found a hide-covered altar of Uskayaw.
  5626 | D:6      | Found a glowing silver altar of Zin.
  5721 | D:6      | Found a staircase to the Ecumenical Temple.
  6022 | D:7      | Reached skill level 1 in Evocations
  6312 | D:7      | Noticed Prince Ribbit
  6328 | D:7      | Killed Prince Ribbit
  6329 | D:7      | Reached skill level 5 in Stealth
  6344 | D:7      | Found Zalyonk's Island Escapes.
  6352 | D:7      | Bought a scroll of teleportation for 42 gold pieces
  6352 | D:7      | Bought a scroll of blinking for 105 gold pieces
  6371 | D:7      | Noticed Maggie
  6379 | D:7      | Killed Maggie
  6380 | D:7      | Reached XP level 9. HP: 61/61 MP: 9/9
  6455 | D:7      | Reached skill level 5 in Evocations
  6894 | Temple   | Entered the Ecumenical Temple
  6975 | D:8      | Found a staircase to the Lair.
  6975 | D:8      | Noticed a fire dragon
  7017 | D:8      | Found Metwoena's General Store.
  7022 | D:8      | Found a flagged portal.
  7034 | D:8      | Bought a potion of resistance for 140 gold pieces
  7041 | Bailey   | Entered a bailey
  7048 | Bailey   | Reached skill level 5 in Dodging
  7048 | Bailey   | Reached skill level 5 in Shields
  7069 | Bailey   | Noticed an orc knight
  7074 | Bailey   | Killed an orc knight
  7552 | Bailey   | Reached XP level 10. HP: 69/69 MP: 10/10
  7752 | D:9      | Noticed a two-headed ogre
  7851 | D:9      | Noticed a purple ugly thing
  7854 | D:9      | Killed a purple ugly thing
  7970 | D:9      | Killed a two-headed ogre
  8027 | D:9      | Found a glowing golden altar of the Shining One.
  8132 | D:9      | Found a snail-covered altar of Cheibriados.
  8134 | D:9      | Found a broken altar of Ashenzari.
  8184 | D:9      | Identified a scroll of acquirement
  8184 | D:9      | Acquired 745 gold pieces
  8290 | D:9      | Became a worshipper of Cheibriados the Contemplative
  8770 | D:10     | Entered Level 10 of the Dungeon
  8783 | D:10     | Noticed a white ugly thing
  8833 | D:10     | Killed a white ugly thing
  8834 | D:10     | Reached skill level 1 in Invocations
  9064 | D:10     | Reached * piety under Cheibriados
  9298 | D:10     | Found a blossoming altar of Fedhas.
  9360 | D:10     | Reached XP level 11. HP: 77/77 MP: 12/12
  9718 | D:10     | Reached ** piety under Cheibriados
 10018 | D:11     | Found a roughly hewn altar of Beogh.
 10018 | D:11     | Found a staircase to the Orcish Mines.
 10020 | D:11     | Noticed an orc knight
 10384 | D:11     | Killed an orc knight
 10581 | D:11     | Reached *** piety under Cheibriados
 10783 | D:11     | Noticed a five-headed hydra
 10816 | D:11     | Killed a five-headed hydra
 10956 | D:11     | Noticed a two-headed ogre
 11423 | D:11     | Killed a two-headed ogre
 11486 | D:11     | Reached **** piety under Cheibriados
 11487 | D:11     | Reached skill level 5 in Invocations
 11940 | D:12     | Found Casozuqa's Gadget Shop.
 11961 | D:12     | Noticed a purple ugly thing
 11971 | D:12     | Killed a purple ugly thing
 12057 | D:12     | Reached XP level 12. HP: 85/85 MP: 15/15
 12413 | D:8      | Killed a fire dragon
 12444 | D:8      | Noticed a two-headed ogre
 12453 | D:8      | Killed a two-headed ogre
 12617 | D:8      | Found a shadowy altar of Dithmenos.
 12627 | D:8      | Noticed a two-headed ogre
 12637 | D:8      | Killed a two-headed ogre
 12908 | D:8      | Bought a potion of curing for 42 gold pieces
 12908 | D:8      | Bought a scroll of summoning for 133 gold pieces
 13009 | Orc:1    | Entered Level 1 of the Orcish Mines
 13020 | Orc:1    | Reached ***** piety under Cheibriados
 13142 | Orc:1    | Found a frozen archway.
 13162 | IceCv    | Entered an ice cave
 13180 | IceCv    | Found a transporter.
 13201 | IceCv    | Found a transporter.
 13597 | Orc:1    | Learned a level 1 spell: Magic Dart
 13600 | Orc:1    | Learned a level 2 spell: Blink
 13725 | Orc:2    | Entered Level 2 of the Orcish Mines
 13788 | Orc:1    | Reached skill level 1 in Translocations
 13812 | Orc:1    | Noticed an ettin
 13823 | Orc:1    | Killed an ettin
 13824 | Orc:1    | Reached skill level 10 in Axes
 14033 | Orc:2    | Reached skill level 10 in Fighting
 14106 | Orc:2    | Noticed Saint Roka
 14271 | Lair:1   | Entered Level 1 of the Lair of Beasts
 14271 | Lair:1   | Noticed a five-headed hydra
 14281 | D:8      | Killed a five-headed hydra
 14415 | Lair:1   | Reached XP level 13. HP: 62/92 MP: 18/18
 14734 | Lair:1   | Got a smoking whip
 14735 | Lair:1   | Identified the +10 whip "Kugoboh" {vorpal, SInv Stlth+}
                  | (You found it on level 1 of the Lair of Beasts)
 15248 | Lair:1   | Reached ****** piety under Cheibriados
 15437 | Lair:2   | Found a sparkling altar of Nemelex Xobeh.
 15633 | Lair:2   | Found a staircase to the Shoals.
 15701 | Lair:2   | Reached skill level 5 in Translocations
 16466 | Lair:3   | Learned a level 3 spell: Ozocubu's Armour
 16538 | Lair:3   | Noticed Snorg
 16544 | Lair:3   | Reached skill level 1 in Ice Magic
 16558 | Lair:3   | Killed Snorg
 16559 | Lair:3   | Reached XP level 14. HP: 60/101 MP: 21/21
 16681 | Lair:3   | Found a runed translucent gate.
 16681 | Lair:3   | Found a runed translucent gate.
 16681 | Lair:3   | Found a runed translucent gate.
 16700 | Lair:3   | Noticed Scypier's ghost (journeyman DsGl)
 16955 | Lair:3   | Found a staircase to the Snake Pit.
 17196 | Lair:3   | Killed Scypier's ghost
 17283 | Lair:3   | Reached skill level 10 in Invocations
 17284 | Lair:3   | Got the ring "Amazorph" {Fire}
 17694 | Lair:4   | You fall into a shaft and drop 2 floors!
 17694 | Lair:6   | Entered Level 6 of the Lair of Beasts
 17720 | Lair:6   | Found a staircase to the Slime Pits.
 17993 | Lair:6   | Reached skill level 5 in Ice Magic
 18100 | Lair:5   | You fall into a shaft and drop 1 floor!
 19054 | Lair:5   | Reached XP level 15. HP: 62/109 MP: 23/23
 20349 | Lair:6   | Reached skill level 10 in Dodging
 20897 | Shoals:1 | Entered Level 1 of the Shoals
 21261 | Shoals:2 | Found a flickering gateway to a bazaar.
 21270 | Bazaar   | Entered a bazaar
 21270 | Bazaar   | Found Numeu's Antique Weapon Shop.
 21270 | Bazaar   | Found Qiddaiw's Distillery.
 21348 | Bazaar   | Found Xitoec's Antique Armour Shop.
 21394 | Bazaar   | Bought a potion of curing for 48 gold pieces
 21394 | Bazaar   | Bought a potion of cancellation for 128 gold pieces
 21394 | Bazaar   | Bought a potion of curing for 48 gold pieces
 21394 | Bazaar   | Bought a potion of curing for 48 gold pieces
 21572 | Shoals:2 | Paralysed by a floating eye for 3 turns
 21821 | Shoals:2 | Noticed Polyphemus
 22515 | D:13     | Found a gate to the Vaults.
 22938 | D:13     | Reached XP level 16. HP: 110/116 MP: 25/25
 23093 | D:13     | Found Kiew's Antique Weapon Boutique.
 23237 | D:14     | Reached skill level 1 in Throwing
 23927 | D:15     | Entered Level 15 of the Dungeon
 24017 | D:15     | Identified the +2 hand axe of the Scorching Stork {vamp,
                  | rF+ MR+ Str-2}
 24487 | D:15     | Identified the ring "Amazorph" {Fire rPois MR+ Str+2 Dex+2}
                  | (You found it on level 3 of the Lair of Beasts)
 24956 | D:15     | Identified the cursed +3 hand crossbow of Classification
                  | {elec, *Corrode rN+ MR++} (You found it on level 15 of the
                  | Dungeon)
 24989 | D:15     | Found a staircase to the Depths.
 25540 | Shoals:1 | Acquired the +4 hat of Dithmenos's Envy {Dex+2}
 25770 | Shoals:1 | Reached skill level 5 in Throwing
 26226 | Shoals:2 | Reached XP level 17. HP: 75/124 MP: 24/27
 27033 | Shoals:3 | Noticed Ilsuiw
 27053 | Shoals:3 | Killed Ilsuiw
 27157 | Shoals:3 | Noticed Nikola
 27170 | Shoals:3 | Killed Nikola
 27570 | Shoals:3 | Noticed Roxanne
 27592 | Shoals:3 | Killed Roxanne
 27852 | Shoals:4 | Entered Level 4 of the Shoals
 28598 | Shoals:4 | Reached skill level 15 in Invocations
 29130 | Shoals:4 | Found Tvoop's Tempting Trifles.
 29139 | Shoals:4 | Bought a manual of Throwing for 1656 gold pieces
 29139 | Shoals:4 | Bought a +2 tower shield for 247 gold pieces
 29188 | Shoals:4 | Got a barnacled rune of Zot
 29393 | Shoals:4 | Reached XP level 18. HP: 133/133 MP: 29/29
 29715 | Snake:1  | Entered Level 1 of the Snake Pit
 29861 | Snake:1  | Reached skill level 15 in Axes
 29864 | Snake:1  | Killed from afar by a shock serpent

Illustrated notes

Levels and vault maps discovered:
D:1:      kennysheep_arrival_seaside, layout_basic, minmay_ruptured
D:2:      layout_rooms
D:3:      layout_loops_corners, lemuel_round_altar,
          chequers_ecumenical_altar_simple_redux
D:4:      layout_gridville, nicolae_overflow_hidden_temple
D:5:      layout_basic, bloody_trog, serial_shops, shop_statue,
          grunt_qazlal_clouds
D:6:      layout_basic, minitemple, minmay_temple_entry_antechambers
D:7:      layout_loops_ring, nicolae_island_escapes, uniq_prince_ribbit1,
          uniq_maggie
D:8:      layout_loops_ring, minmay_lair_entry_lava, basic_altar, serial_shops,
          nicolae_shop_waterfront, enter_bailey_2
D:9:      layout_loops_ring, nicolae_tso_swordbearing_angel,
          chequers_temple_overflow_statue_of_worship, lemuel_flamethrower_2
D:10:     layout_loops_corners, fedhas_altar_3
D:11:     cheibrodos_helix_gallery, layout_cave_pools, david_orc_5
D:12:     layout_rooms, serial_shops, nicolae_shop_trees
D:13:     layout_roguey, david_vaults_5, serial_shops, kennysheep_mini,
          chequers_serial_rivers_micro_e
D:14:     layout_long_grid, serial_park_avenue1
D:15:     grunt_enter_depths_hoard, layout_irregular_city, evilmike_butchery
Temple:   corrupted_temple
Lair:1:   layout_concentric_octagons, gauntlet_entry_generic,
          lemuel_fruit_fields, infiniplex_staircase_pool, grunt_megastairs_3,
          serial_bayou_shore_a
Lair:2:   layout_small_grid, elwin_shoals_entry_stream, basic_altar
Lair:3:   layout_hall_layers, minmay_snake_entry_guardpost_medium,
          gammafunk_ghost_icy, uniq_snorg
Lair:4:   layout_loops_ring, dpeg_oklob_1
Lair:5:   layout_small_grid, fungi_pond_lemuel, bh_autumn_forest_stairs,
          chequers_serial_rivers_micro_b
Lair:6:   minmay_lair_end_frog_pond, layout_cellular_growth,
          nicolae_slime_entry_slimehenge
Shoals:1: argonaut_golden_fleece, layout_shoals
Shoals:2: layout_shoals, serial_shops, bzr_firewalk,
          nicolae_shoals_stone_sculpture_thing, nicolae_shoals_this_corrosion,
          uniq_polyphemus
Shoals:3: layout_shoals, uniq_roxanne, uniq_ilsuiw, uniq_nikola
Shoals:4: shoals_end_grunt_ice, layout_shoals, nicolae_shoals_seven_spires,
          nicolae_alphabet_shops
Snake:1:  layout_grid_shapes, serial_shops, nicolae_shop_behind_doors,
          drop_trap, nicolae_snake_shapes, uniq_jorgrun
Orc:1:    layout_diamond_mine, portal_ice_cave_rime, hangedman_minor_magic
Orc:2:    st_orc_town, layout_diamond_mine, uniq_saint_roka

Skill      XL: |  1  2  3  4  5  6  7  8  9 10 11 12 13 14 15 16 17 18 |
---------------+-------------------------------------------------------+-----
Axes           | 3 4 5 6 8 9 10 11 12 13 14 15 | 15.0
Fighting       | 4 5 6 7 9 10 11 12 13 14 | 14.9
Stealth        | 1 2 6 7 |  7.8
Dodging        | 4 6 7 8 9 11 | 11.0
Shields        | 4 6 7 8 9 |  9.7
Evocations     | 4 5 |  5.5
Invocations    | 2 5 7 9 11 12 14 15 | 15.5
Translocations | 2 5 |  5.5
Ice Magic      | 2 6 8 |  8.7
Throwing       | 5 6 |  6.3

Action                   |  1- 3 |  4- 6 |  7- 9 | 10-12 | 13-15 | 16-18 || total
-------------------------+-------+-------+-------+-------+-------+-------++-------
Melee: War axe           |    50 |   114 |    38 |       |       |       ||   202
       Constrict         |    11 |    38 |    26 |    66 |   110 |   114 ||   365
       Kick              |     4 |    36 |    41 |   173 |   445 |   394 ||  1093
       Tentacles         |     1 |    23 |    21 |    94 |   276 |   228 ||   643
       Hand axe          |       |       |    86 |   323 |   531 |   510 ||  1450
       Morningstar       |       |       |       |    10 |       |       ||    10
       Whip              |       |       |       |       |   132 |     3 ||   135
       Broad axe         |       |       |       |       |       |    45 ||    45
Throw: Throwing net      |       |       |       |     1 |       |     1 ||     2
       Dart              |       |       |       |       |    24 |    17 ||    41
       Javelin           |       |       |       |       |       |    13 ||    13
 Cast: Ozocubu's Armour  |       |       |       |       |     3 |    15 ||    18
       Blink             |       |       |       |       |       |     2 ||     2
Invok: Bend Time         |       |       |       |     2 |     1 |     1 ||     4
       Slouch            |       |       |       |     1 |     3 |     6 ||    10
       Step From Time    |       |       |       |       |       |     1 ||     1
Evoke: Wand              |       |     3 |    20 |    18 |    12 |    14 ||    67
       Condenser vane    |       |       |       |     2 |       |     2 ||     4
       Lightning rod     |       |       |       |       |       |     1 ||     1
  Use: Scroll            |     6 |     3 |    10 |    14 |    16 |    16 ||    65
       Potion            |     1 |       |     5 |     7 |     4 |     3 ||    20
 Stab: Sleeping          |     4 |    15 |    17 |    39 |    36 |    17 ||   128
       Invisible         |       |       |     1 |       |       |       ||     1
       Paralysed         |       |       |       |     4 |     1 |     4 ||     9
       Distracted        |       |       |       |     3 |     4 |     2 ||     9
       Held in net/web   |       |       |       |     1 |       |       ||     1
Armor: Skin              |    14 |    15 |    11 |     9 |    22 |    24 ||    95
Dodge: Dodged            |    39 |    49 |    67 |   211 |   426 |   426 ||  1218
Block: Kite shield       |    41 |    45 |    58 |   225 |   541 |   442 ||  1352
       Tower shield      |       |       |       |       |       |    72 ||    72

Table legend: (Time is in decaauts)
 A = Elapsed time spent in this place.
 B = Non-inter-level travel time spent in this place.
 C = Inter-level travel time spent in this place.
 D = Time resting spent in this place.
 E = Time spent auto-exploring this place.
 F = Levels seen in this place.
 G = Mean time per level.
                   A        B        C        D        E       F      G
               +--------+--------+--------+--------+--------+-----+--------+
         Total |  41806 |  39052 |   2754 |   6496 |  23828 |  32 | 1306.4 |
       Dungeon |  19857 |  18419 |   1438 |   3943 |  11210 |  15 | 1323.8 |
        Temple |     39 |     27 |     12 |      0 |     27 |   1 |   39.0 |
          Lair |  11056 |  10231 |    825 |    793 |   7462 |   6 | 1842.7 |
        Shoals |   7887 |   7611 |    276 |   1175 |   3856 |   4 | 1971.8 |
     Snake Pit |    244 |    244 |      0 |      0 |    156 |   1 |  244.0 |
  Orcish Mines |   1605 |   1405 |    200 |     48 |    969 |   2 |  802.5 |
        Bazaar |    289 |    289 |      0 |     54 |    104 |   1 |  289.0 |
        Bailey |    592 |    592 |      0 |    376 |     43 |   1 |  592.0 |
      Ice Cave |    233 |    233 |      0 |    106 |      0 |   1 |  233.0 |
               +--------+--------+--------+--------+--------+-----+--------+

Top non-repeatable levels by time:
Shoals:4: 2563 daAuts
  Lair:6: 2416 daAuts
    D:10: 2299 daAuts
    D:15: 2075 daAuts
  Lair:5: 1970 daAuts
    D:11: 1898 daAuts
  Lair:3: 1869 daAuts
     D:9: 1853 daAuts
Shoals:1: 1851 daAuts
  Lair:2: 1846 daAuts
Shoals:2: 1838 daAuts
  Lair:1: 1683 daAuts
Shoals:3: 1634 daAuts
     D:8: 1421 daAuts
    D:13: 1309 daAuts
